Map: Jagannatha LE

Players

Nina - Winner!

  • Race: Protoss Protoss

DisK

  • Race: Protoss Protoss

VOD

Have the link to the VOD?

Description

Time

  • Played on: Oct. 9, 2021, 5:07 p.m.
  • Length: 29:11
Show
View Real Time Build Order
Export as new Build Order

Nina Protoss - Winner!

Build Orders: Blink Stalkers 

Get SALT Encoding   

  12  0:01  Probe  
  13  0:13  Probe  
  14  0:17  Pylon  
  14  0:25  Probe  
  15  0:37  Gateway, Probe (Chrono Boost)  
  16  0:48  Probe (Chrono Boost)  
  17  0:51  Assimilator  
  17  0:52  Probe (Chrono Boost)  
  18  1:03  Probe (Chrono Boost)  
  19  1:05  Assimilator  
  19  1:11  Gateway  
  19  1:13  Probe (Chrono Boost)  
  20  1:18  Probe (Chrono Boost)  
  20  1:25  Cybernetics Core  
  21  1:30  Probe  
  22  1:40  Pylon  
  22  1:42  Probe  
  23  1:58  Probe  
  24  2:03  Stalker x2  
  24  2:05  Warp Gate  
  28  2:10  Probe  
  28  2:14  Pylon  
  29  2:22  Probe  
  30  2:27  Pylon  
  30  2:34  Probe  
  30  2:38  Adept x2  
  34  2:55  Nexus  
  35  2:58  Probe  
  35  3:06  Pylon  
  35  3:10  Probe  
  35  3:12  Sentry  
  38  3:18  Twilight Council  
  38  3:22  Probe  
  39  3:33  Forge  
  39  3:34  Probe  
  40  3:47  Probe  
  41  3:55  Stalker, Blink (Chrono Boost)  
  43  3:59  Probe  
  44  4:07  Phoenix  
  44  4:11  Probe  
  45  4:20  Protoss Ground Weapons Level 1 (Chrono Boost)  
  45  4:23  Probe (Chrono Boost)  
  45  4:25  Stalker  
  45  4:26  Probe (Chrono Boost)  
  45  4:30  Gateway  
  45  4:31  Stalker  
  49  4:35  Probe (Chrono Boost)  
  51  4:39  Probe (Chrono Boost)  
  51  4:40  Robotics Facility, Probe (Chrono Boost)  
  51  4:44  Pylon  
  52  4:47  Probe  
  52  4:49  Probe  
  54  4:59  Probe  
  53  5:04  Nexus  
  53  5:05  Probe  
  54  5:11  Probe  
  54  5:12  Stalker  
  57  5:16  Stalker, Assimilator  
  57  5:18  Probe  
  60  5:23  Probe, Pylon  
  60  5:27  Stalker  
  63  5:30  Observer (Chrono Boost), Probe  
  63  5:35  Stalker  
  67  5:39  Stalker  
  70  5:44  Gateway  
  67  5:51  Stalker  
  67  5:52  Gateway  
  69  6:03  Stalker x2  
  67  6:06  Probe  
  67  6:09  Probe  
  65  6:19  Probe  
  65  6:21  Stalker  
  66  6:27  Stalker x2  
  66  6:32  Probe, Protoss Ground Weapons Level 2 (Chrono Boost)  
  68  6:37  Probe (Chrono Boost)  
  69  6:47  Probe x2 (Chrono Boost)  
  69  6:48  Gateway  
  69  6:49  Probe (Chrono Boost)  
  69  6:51  Gateway  
  69  6:52  Pylon  
  70  6:55  Photon Cannon  
  70  6:57  Probe (Chrono Boost)  
  70  6:59  Probe x2 (Chrono Boost)  
  70  7:00  Stalker  
  75  7:02  Probe (Chrono Boost)  
  75  7:05  Probe  
  75  7:07  Stalker  
  79  7:08  Probe  
  79  7:14  Probe  
  81  7:16  Stalker  
  81  7:17  Probe  
  81  7:19  Stalker  
  86  7:24  Stalker x2  
  86  7:26  Probe  
  91  7:32  Probe  
  91  7:33  Probe  
  91  7:35  Pylon  
  91  7:36  Charge  
  93  7:38  Probe  
  92  7:44  Probe  
  92  7:47  Gateway  
  92  7:49  Stalker  
  92  7:50  Stalker x2, Probe  
  100  7:54  Photon Cannon  
  100  7:56  Probe  
  102  8:00  Gateway  
  102  8:02  Observer  
  102  8:03  Probe  
  102  8:05  Stalker x2  
  104  8:15  Stalker x2  
  104  8:16  Zealot  
  104  8:18  Pylon  
  108  8:20  Shield Battery  
  108  8:21  Pylon  
  108  8:31  Pylon  
  108  8:36  Pylon  
  108  8:37  Stalker x4  
  108  8:41  Zealot x2  
  118  8:48  Observer (Chrono Boost), Assimilator  
  121  8:52  Assimilator  
  121  8:54  Stalker, Assimilator  
  121  8:55  Zealot  
  125  8:57  Zealot  
  125  9:01  Observer  
  125  9:02  Stalker  
  129  9:14  Nexus  
  129  9:16  Pylon  
  129  9:20  Robotics Bay  
  129  9:21  Zealot x2  
  133  9:25  Pylon  
  133  9:27  Stalker  
  133  9:28  Zealot  
  137  9:33  Robotics Facility  
  137  9:35  Zealot x2  
  139  9:38  Zealot  
  139  9:40  Observer  
  139  9:42  Pylon  
  142  9:47  Zealot, Shield Battery  
  142  9:48  Protoss Ground Weapons Level 3 (Chrono Boost)  
  144  9:56  Pylon  
  144  10:01  Zealot x3  
  144  10:07  Zealot  
  152  10:09  Zealot  
  152  10:10  Zealot  
  152  10:14  Disruptor (Chrono Boost)  
  159  10:22  Photon Cannon  
  159  10:24  Disruptor (Chrono Boost)  
  159  10:28  Photon Cannon  
  162  10:30  Probe x2  
  162  10:31  Probe  
  162  10:33  Observer  
  166  10:38  Stalker, Disruptor  
  166  10:40  Stalker  
  166  10:41  Stalker  
  174  10:47  Photon Cannon  
  174  10:52  Stalker  
  174  10:53  Probe  
  174  10:55  Disruptor  
  180  11:00  Photon Cannon  
  180  11:05  Probe x4  
  184  11:13  Zealot x3  
  184  11:15  Shield Battery  
  184  11:17  Probe  
  188  11:20  Probe  
  188  11:24  Pylon x2  
  188  11:27  Pylon  
  183  11:40  Pylon  
  183  11:41  Pylon  
  183  11:42  Zealot x6  
  183  11:43  Probe, Pylon  
  183  11:45  Probe  
  191  11:58  Observer (Chrono Boost)  
  191  12:00  Photon Cannon  
  193  12:04  Disruptor (Chrono Boost), Shield Battery  
  193  12:07  Photon Cannon  
  192  12:11  Observer (Chrono Boost)  
  163  12:30  Disruptor  
  163  12:33  Disruptor  
  163  12:35  Stalker x7  
  183  12:43  Assimilator  
  186  12:44  Probe x2 (Chrono Boost)  
  186  12:48  Assimilator, Probe (Chrono Boost)  
  186  12:49  Probe (Chrono Boost)  
  187  12:56  Probe (Chrono Boost)  
  188  12:58  Stalker x3  
  188  12:59  Stalker  
  196  13:06  Disruptor  
  199  13:15  Photon Cannon, Pylon  
  199  13:18  Photon Cannon  
  199  13:20  Photon Cannon  
  188  13:35  Disruptor (Chrono Boost)  
  188  13:39  Zealot x6  
  192  13:47  Zealot x3  
  184  13:56  Robotics Facility  
  184  13:57  Robotics Bay  
  173  14:05  Stalker x4  
  159  14:20  Zealot x4  
  150  14:27  Forge  
  138  14:40  Pylon  
  138  14:44  Pylon  
  138  14:46  Pylon  
  138  14:47  Pylon  
  138  14:48  Pylon x2  
  138  14:49  Pylon  
  138  14:51  Pylon  
  138  14:52  Pylon  
  137  15:04  Pylon  
  137  15:06  Disruptor (Chrono Boost)  
  140  15:07  Pylon  
  139  15:18  Photon Cannon  
  133  15:21  Photon Cannon  
  119  15:30  Observer  
  119  15:32  Observer  
  119  15:39  Disruptor (Chrono Boost)  
  122  15:59  Gateway  
  122  16:00  Gateway  
  122  16:07  Disruptor  
  125  16:16  Observer  
  125  16:43  Disruptor (Chrono Boost)  
  127  17:02  Pylon  
  123  17:11  Zealot x2, Pylon  
  130  17:18  Observer (Chrono Boost)  
  128  17:40  Cybernetics Core  
  128  17:44  Zealot x2  
  134  17:52  Observer (Chrono Boost)  
  131  18:05  Disruptor (Chrono Boost)  
  129  18:18  Stalker x2  
  105  18:30  Robotics Facility  
  101  18:35  Disruptor (Chrono Boost)  
  102  18:46  Pylon  
  101  18:53  Stalker x2  
  100  19:02  Pylon  
  92  19:06  Observer (Chrono Boost), Nexus  
  93  19:17  Stalker x2  
  93  19:21  Disruptor (Chrono Boost), Pylon  
  100  19:27  Disruptor  
  98  19:41  Stalker x2, Observer  
  97  19:52  Disruptor  
  100  20:03  Disruptor  
  100  20:15  Nexus  
  100  20:16  Observer  
  94  20:27  Pylon  
  94  20:28  Disruptor  
  94  20:33  Stalker  
  99  20:39  Observer  
  99  20:42  Probe  
  99  20:53  Disruptor  
  92  21:14  Stalker  
  91  21:18  Observer  
  91  21:35  Observer  
  92  21:45  Disruptor  
  93  21:49  Zealot  
  95  21:57  Zealot  
  95  21:58  Observer  
  95  21:59  Probe (Chrono Boost)  
  95  22:00  Probe (Chrono Boost)  
  99  22:06  Observer  
  99  22:11  Probe (Chrono Boost)  
  99  22:12  Probe (Chrono Boost)  
  99  22:14  Observer  
  101  22:17  Probe (Chrono Boost)  
  101  22:21  Probe  
  102  22:25  Probe  
  104  22:36  Stalker x2  
  108  22:54  Observer x2  
  108  23:05  Stalker x2  
  112  23:12  Disruptor  
  112  23:15  Observer  
  115  23:30  Disruptor  
  115  23:39  Stalker x2  
  104  24:05  Nexus  
  104  24:14  Disruptor  
  105  24:18  Pylon  
  102  24:25  Stalker x2  
  102  24:26  Disruptor  
  106  24:49  Nexus  
  106  24:52  Pylon  
  106  24:53  Disruptor  
  106  24:55  Observer  
  106  24:58  Stalker  
  109  25:14  Observer  
  109  25:18  Stalker  
  112  25:27  Gateway  
  112  25:29  Observer  
  112  25:31  Gateway  
  95  25:46  Disruptor  
  95  25:48  Stalker x2  
  84  25:55  Disruptor  
  61  26:11  Stalker x2  
  65  26:22  Disruptor  
  62  26:31  Disruptor  
Show
View Real Time Build Order
Export as new Build Order

DisK Protoss 

Build Orders: Phoenix Opening, Blink Stalkers 

Get SALT Encoding   

  12  0:00  Probe  
  13  0:12  Probe  
  14  0:17  Pylon  
  14  0:24  Probe  
  15  0:37  Gateway, Probe (Chrono Boost)  
  16  0:46  Assimilator, Probe (Chrono Boost)  
  17  0:51  Probe (Chrono Boost)  
  17  0:55  Assimilator  
  18  1:03  Probe (Chrono Boost)  
  19  1:09  Gateway  
  19  1:13  Probe (Chrono Boost)  
  20  1:19  Probe  
  20  1:25  Cybernetics Core  
  21  1:31  Probe  
  22  1:35  Pylon  
  22  1:44  Probe  
  23  1:56  Probe  
  23  2:01  Stalker, Sentry  
  28  2:05  Warp Gate (Chrono Boost)  
  28  2:08  Probe  
  29  2:12  Pylon  
  29  2:20  Probe  
  30  2:24  Pylon  
  30  2:34  Phoenix  
  30  2:42  Nexus  
  30  2:44  Shield Battery  
  30  2:50  Sentry  
  30  2:51  Sentry  
  34  2:54  Probe  
  34  3:05  Twilight Council  
  34  3:06  Probe  
  35  3:18  Probe  
  36  3:20  Pylon  
  36  3:30  Probe (Chrono Boost)  
  38  3:42  Probe (Chrono Boost)  
  38  3:45  Stalker, Shield Battery  
  38  3:48  Stalker, Probe (Chrono Boost)  
  42  3:50  Blink (Chrono Boost)  
  42  3:55  Shield Battery  
  43  3:56  Probe  
  44  4:03  Probe  
  44  4:09  Shield Battery  
  44  4:24  Stalker x2, Probe  
  44  4:25  Probe  
  49  4:36  Probe  
  49  4:37  Probe  
  51  4:44  Nexus  
  51  4:48  Probe  
  51  4:52  Probe  
  53  4:56  Stalker x2  
  57  5:01  Pylon  
  57  5:02  Probe  
  57  5:06  Assimilator, Probe  
  59  5:17  Probe  
  59  5:19  Forge  
  60  5:21  Stalker x2  
  60  5:26  Probe  
  60  5:28  Pylon  
  65  5:37  Robotics Facility  
  65  5:38  Probe  
  65  5:39  Probe  
  67  5:49  Adept x2  
  71  5:50  Probe  
  71  5:51  Protoss Ground Weapons Level 1 (Chrono Boost)  
  71  5:52  Probe  
  69  6:05  Probe x2  
  69  6:16  Stalker x2  
  69  6:18  Shield Battery  
  69  6:20  Probe  
  69  6:23  Immortal (Chrono Boost)  
  70  6:30  Shield Battery  
  70  6:39  Gateway  
  67  6:40  Probe x2  
  67  6:41  Sentry  
  67  6:42  Stalker, Gateway  
  67  6:44  Gateway, Probe  
  73  6:47  Gateway  
  73  6:51  Pylon  
  73  6:52  Probe  
  74  6:58  Immortal (Chrono Boost), Probe  
  79  7:06  Stalker x2  
  79  7:07  Probe x2  
  85  7:13  Probe  
  85  7:14  Pylon  
  85  7:15  Charge  
  86  7:19  Probe  
  86  7:21  Gateway  
  86  7:22  Gateway  
  87  7:26  Probe x2  
  89  7:30  Stalker x2  
  90  7:44  Stalker x3  
  90  7:45  Stalker  
  90  7:47  Pylon  
  90  7:49  Observer  
  90  7:50  Probe x2  
  101  7:53  Pylon  
  101  7:57  Protoss Ground Weapons Level 2 (Chrono Boost)  
  101  7:58  Pylon  
  101  8:00  Probe  
  97  8:15  Stalker x2  
  97  8:16  Warp Prism  
  97  8:19  Assimilator  
  103  8:29  Probe x3  
  103  8:31  Pylon  
  103  8:32  Zealot x2  
  103  8:33  Zealot x4  
  118  8:41  Nexus  
  118  8:43  Pylon  
  118  8:45  Zealot  
  118  8:48  Stalker  
  122  8:57  Zealot x3  
  128  9:06  Stalker x2  
  128  9:07  Pylon  
  131  9:18  Stalker  
  131  9:19  Stalker x2  
  131  9:23  Stalker x2  
  141  9:25  Stalker  
  141  9:31  Observer  
  143  9:37  Probe x2  
  143  9:38  Robotics Bay  
  146  9:43  Assimilator  
  146  9:45  Zealot  
  148  9:48  Pylon  
  148  9:49  Pylon  
  147  9:53  Zealot x5  
  147  9:58  Zealot  
  158  10:10  Robotics Facility  
  158  10:19  Observer  
  157  10:21  Protoss Ground Weapons Level 3 (Chrono Boost)  
  157  10:24  Gateway, Probe  
  157  10:25  Probe x3  
  157  10:27  Photon Cannon, Gateway, Assimilator, Pylon  
  161  10:31  Stalker x3, Pylon  
  161  10:32  Shield Battery  
  161  10:33  Stalker  
  169  10:47  Probe x3  
  172  10:56  Disruptor (Chrono Boost)  
  172  10:57  Zealot x6  
  172  10:59  Disruptor (Chrono Boost)  
  190  11:09  Photon Cannon, Assimilator  
  190  11:10  Photon Cannon  
  182  11:23  Stalker x5  
  192  11:27  Disruptor x2  
  196  11:39  Stalker  
  192  11:49  Stalker  
  192  11:50  Stalker x3  
  192  11:52  Nexus, Pylon  
  194  11:55  Dark Shrine  
  194  12:06  Robotics Facility  
  188  12:19  Stalker x6  
  188  12:20  Stalker x2  
  187  12:33  Stalker x2  
  187  12:35  Disruptor (Chrono Boost)  
  187  12:36  Disruptor (Chrono Boost)  
  197  12:45  Pylon  
  197  12:51  Disruptor (Chrono Boost)  
  199  13:04  Photon Cannon  
  199  13:06  Photon Cannon, Probe  
  199  13:08  Shield Battery x2  
  199  13:10  Photon Cannon, Pylon  
  200  13:16  Observer x2  
  200  13:17  Gravitic Boosters  
  200  13:20  Photon Cannon  
  182  13:40  Dark Templar x5  
  173  13:47  Dark Templar  
  155  13:49  Observer x2  
  155  13:56  Dark Templar  
  155  14:00  Dark Templar  
  131  14:10  Dark Templar  
  121  14:17  Disruptor (Chrono Boost)  
  122  14:24  Zealot x7  
  133  15:22  Observer  
  133  15:25  Pylon  
  133  15:43  Disruptor (Chrono Boost)  
  136  15:54  Nexus  
  136  16:08  Probe  
  137  16:13  Disruptor (Chrono Boost)  
  139  16:27  Probe  
  140  16:41  Probe  
  141  16:47  Pylon  
  141  16:57  Observer (Chrono Boost)  
  141  17:01  Probe  
  139  17:15  Probe (Chrono Boost)  
  140  17:19  Observer  
  140  17:20  Probe (Chrono Boost)  
  122  17:30  Observer, Probe (Chrono Boost)  
  122  17:35  Probe (Chrono Boost)  
  122  17:37  Probe  
  124  18:04  Probe x2  
  124  18:08  Assimilator  
  114  18:25  Disruptor (Chrono Boost)  
  117  18:27  Probe x2  
  117  18:28  Zealot x3  
  117  18:29  Zealot  
  125  18:51  Observer  
  125  18:56  Observer (Chrono Boost)  
  125  19:02  Probe  
  125  19:05  Stalker x3, Observer  
  131  19:15  Zealot x2  
  132  19:42  Observer (Chrono Boost)  
  126  19:48  Stalker x3, Zealot  
  118  20:27  Stalker x2  
  118  20:28  Stalker x3  
  126  20:32  Probe  
  127  20:56  Zealot  
  127  20:57  Zealot x3  
  133  21:18  Stalker  
  133  21:19  Stalker x2  
  133  21:22  Disruptor (Chrono Boost)  
  142  21:37  Zealot x2  
  146  22:01  Disruptor (Chrono Boost)  
  123  22:25  Zealot x4  
  131  22:31  Disruptor (Chrono Boost)  
  130  23:13  Disruptor  
  130  23:15  Nexus  
  132  23:20  Stalker x3  
  118  23:44  Stalker x2  
  107  24:39  Observer  
  103  24:54  Observer  
  34  26:11  Stalker x2, Zealot  
Tags
 
Add a new tag
Caveats
  • Supply blocks, unpowered buildings, or Contaminate may cause inaccurate times.
  • Supply counts are checked every 10 seconds.